 Dungeon Crawl Stone Soup version 0.32-a0-172-gc5dd13f2a7 (webtiles) character file.

Game seed: 13752285091058403546

290088 Zonian the Brawler (level 20, -2/116 HPs)
             Began as a Vine Stalker Fighter on Feb 11, 2024.
             Was a High Priest of Elyvilon.
             Slain by a deep elf zephyrmancer
             ... wielding a +0 rapier
              (3 damage)
             ... on level 2 of the Elven Halls on Feb 13, 2024.
             The game lasted 02:40:49 (47616 turns).

Zonian the Brawler (Vine Stalker Fighter)          Turns: 47616, Time: 02:40:50

Health: -2/116     AC: 22    Str: 33    XL:     20   Next: 74%
Magic:  0/37       EV: 15    Int:  6    God:    Elyvilon [*****.]
Gold:   3325       SH:  9    Dex: 21    Spells: 41/44 levels left

rFire   . .          .
                       - Unarmed
rCold   . . .        T - +3 buckler
rNeg    + . .        d - +5 chain mail of the Dice {Rampage +Blink Int-2}
rPois   +            q - +2 helmet
rElec   .            h - scarf {repulsion}
rCorr   .            K - +0 pair of gloves
SInv    .            l - +1 pair of boots
Will    ++++.        u - amulet of Teuqieju {RegenMP Will+ Regen+}
Stlth   ++           S - ring of the Magpie {rPois Str+3 Dex+3}
HPRegen 1.99/turn    P - ring "Jusueguc" {+Blink rN+ Will+ Str+3 Dex+3}
MPRegen 0.65/turn

%: repel missiles, guardian spirit, rampage
@: on fire, glowing
A: fangs 3, regeneration 1, magic shield, antimagic bite, no potion heal 2
}: 2/15 runes: decaying, serpentine
a: Renounce Religion, Evoke Blink, Purification, Heal Other, Heal Self, Divine
Vigour


You were on level 2 of the Elven Halls.
You worshipped Elyvilon.
Elyvilon was extremely pleased with you.
You visited 6 branches of the dungeon, and saw 33 of its levels.
You visited the Abyss 1 time.
You also visited: Sewer and Bailey.

You collected 4282 gold pieces.
You spent 957 gold pieces at shops.


Innate Abilities, Weirdness & Mutations

You have razor-sharp teeth.
Your natural rate of healing is unusually fast.
When hurt, damage is shared between your health and your magic reserves.
Your bite disrupts and absorbs the magic of your enemies.
Potions cannot restore your health.


   Skills:
 - Level 16.5 Fighting
 - Level 6.4 Armour
 + Level 9.5 Dodging
 + Level 15.2 Stealth
 + Level 5.0 Shields
 - Level 18.2 Unarmed Combat
 + Level 12.7 Spellcasting
 + Level 7.4 Conjurations
 + Level 7.4 Earth Magic
 - Level 14.2 Invocations
 - Level 8.0 Evocations


You had 41 spell levels left.
You knew the following spells:

 Your Spells              Type           Power      Damage    Failure   Level
a - Stone Arrow           Conj/Erth      24%        3d8       8%          3

Your spell library contained the following spells:

 Spells                   Type           Power      Damage    Failure   Level
 Magic Dart               Conj           48%        1d5       2%          1
 Sandblast                Erth           24%        2d8       2%          1
 Passwall                 Erth           12%        N/A       8%          3
 Kiss of Death            Conj/Necr      32%        2d7       12%         1
 Brom's Barrelling Bould  Conj/Erth      12%        2d4       24%         4
 Iskenderun's Battlesphe  Conj           12%        2d7       56%         5
 Lee's Rapid Deconstruct  Erth           6%         3d6*      56%         5
 Blink                    Tloc           6%         N/A       61%         2
 Call Imp                 Summ           6%         N/A       61%         2
 Cigotuvi's Dreadful Rot  Necr/Alch/Air  6%         N/A       61%         2
 Ensorcelled Hibernation  Hex/Ice        6%         N/A       61%         2
 Mercury Vapours          Alch/Air       6%         N/A       61%         2
 Sublimation of Blood     Necr           3%         N/A       61%         2
 Animate Armour           Summ/Erth      16%        N/A       75%         4
 Iskenderun's Mystic Bla  Conj/Tloc      8%         2d4       75%         4
 Petrify                  Alch/Erth      8%         N/A       75%         4
 Call Canine Familiar     Summ           3%         N/A       83%         3
 Confusing Touch          Hex            3%         N/A       83%         3
 Fugue of the Fallen      Necr           3%         N/A       83%         3
 Ozocubu's Armour         Ice            3%         N/A       83%         3
 Sigil of Binding         Hex            3%         N/A       83%         3
 Swiftness                Air            3%         N/A       83%         3
 Tukima's Dance           Hex            3%         N/A       83%         3
 Arcjolt                  Conj/Air       4%         1d14      97%         5
 Borgnjor's Vile Clutch   Necr/Erth      4%         N/A       97%         5
 Irradiate                Conj/Alch      4%         3d13      97%         5
 Bombard                  Conj/Erth      6%         9d2       98%         6
 Dimensional Bullseye     Hex/Tloc       1%         N/A       99%         4
 Dispel Undead            Necr           3%         3d7       99%         4
 Ignite Poison            Fire/Alch      3%         N/A       99%         4
 Manifold Assault         Tloc           3%         N/A       99%         4
 Passage of Golubria      Tloc           3%         N/A       99%         4
 Summon Blazeheart Golem  Fire/Summ      3%         N/A       99%         4
 Summon Lightning Spire   Summ/Air       3%         N/A       99%         4
 Vhi's Electric Charge    Tloc/Air       6%         N/A       99%         4
 Freezing Cloud           Conj/Ice/Air   3%         6-21      99%         5
 Alistair's Intoxication  Alch           2%         N/A       100%        5
 Silence                  Hex/Air        1%         N/A       100%        5
 Yara's Violent Unravell  Hex/Alch       1%         3d3       100%        5
 Eringya's Noxious Bog    Alch           1%         4d6       100%        6
 Malign Gateway           Summ/Tloc      1%         N/A       100%        7
 Orb of Destruction       Conj           6%         9d6       100%        7
 Spellforged Servitor     Conj/Summ      4%         N/A       100%        7
 Summon Hydra             Summ           1%         N/A       100%        7
 Lehudib's Crystal Spear  Conj/Erth      6%         10d3      100%        8
 Maxwell's Capacitive Co  Air            1%         โˆž       100%        8
 Summon Horrible Things   Summ           1%         N/A       100%        8

Inventory:

Missiles
 V - 45 poisoned darts {throwing}
 W - 2 throwing nets {=f!fthrowing}
Armour
 d - the +5 chain mail of the Dice (worn) {Rampage +Blink Int-2}
   (You acquired it on level 11 of the Dungeon)

   Int-2:     It affects your intelligence (-2).
   +Blink:    It lets you blink.
   Rampage:   It bestows one free step when moving towards enemies.
 h - a scarf of repulsion (worn)
   (You bought it in a shop on level 2 of the Orcish Mines)
 l - a +1 pair of boots (worn)
   (You found it on level 4 of the Lair of Beasts)
 q - a +2 helmet (worn)
   (You found it on level 14 of the Dungeon)
 K - a +0 pair of gloves (worn)
   (You found it on level 5 of the Dungeon)
 T - a +3 buckler (worn)
   (You took it off a spriggan on level 3 of the Swamp)
Jewellery
 n - a +6 ring of intelligence
   (You took it off a deep elf sorcerer on level 3 of the Elven Halls)
 o - an amulet of reflection
   (You bought it in a shop on level 4 of the Dungeon)
 u - the amulet of Teuqieju (around neck) {RegenMP Will+ Regen+}
   (You took it off a deep elf annihilator on level 3 of the Elven Halls)

   [amulet of magic regeneration]

   RegenMP:   It increases your rate of magic regeneration.
   Will+:     It increases your willpower.
   Regen+:    It increases your rate of health regeneration.
 x - a ring of flight
   (You found it on level 2 of the Swamp)
 C - a ring of see invisible
   (You took it off Jorgrun on level 13 of the Dungeon)
 O - the ring of Kageoq {Fly rElec rF+ MP-9 SInv}
   (You took it off a kobold demonologist on level 9 of the Dungeon)

   [ring of protection from fire]

   rF+:       It protects you from fire.
   rElec:     It insulates you from electricity.
   MP-9:      It affects your magic capacity (-9).
   SInv:      It lets you see invisible.
   Fly:       It grants you flight.
 P - the ring "Jusueguc" (right hand) {+Blink rN+ Will+ Str+3 Dex+3}
   (You took it off a centaur warrior on level 9 of the Dungeon)

   [ring of positive energy]

   Str+3:     It affects your strength (+3).
   Dex+3:     It affects your dexterity (+3).
   rN+:       It protects you from negative energy.
   Will+:     It increases your willpower.
   +Blink:    It lets you blink.
 R - the ring "Nyonim" {Fire rN+ MP-9 Int+3}
   (You found it on level 9 of the Dungeon)

   [ring of fire]

   Fire:      It enhances your fire magic.
   Int+3:     It affects your intelligence (+3).
   rF+:       It protects you from fire.
   rC-:       It makes you vulnerable to cold.
   rN+:       It protects you from negative energy.
   MP-9:      It affects your magic capacity (-9).
 S - the ring of the Magpie (left hand) {rPois Str+3 Dex+3}
   (You took it off a tengu warrior on level 9 of the Dungeon)

   [ring of poison resistance]

   Str+3:     It affects your strength (+3).
   Dex+3:     It affects your dexterity (+3).
   rPois:     It protects you from poison
 Z - the ring of Jizulergh {rN+ rCorr Str-2 Dex+2 Stlth+}
   (You took it off a deep elf demonologist on level 3 of the Elven Halls)

   [ring of resist corrosion]

   Str-2:     It affects your strength (-2).
   Dex+2:     It affects your dexterity (+2).
   rN+:       It protects you from negative energy.
   rCorr:     It protects you from acid and corrosion.
   Stlth+:    It makes you more stealthy.
Wands
 f - a wand of flame (72)
   (You found it on level 7 of the Dungeon)
 i - a wand of mindburst (17)
   (You found it on level 5 of the Lair of Beasts)
 k - a wand of quicksilver (10)
   (You found it on level 6 of the Dungeon)
 F - a wand of paralysis (23)
   (You found it in a sewer)
 L - a wand of digging (4)
   (You found it on level 4 of the Snake Pit)
 M - a wand of iceblast (4)
   (You found it on level 4 of the Snake Pit)
 X - a wand of polymorph (6)
   (You found it on level 3 of the Elven Halls)
Scrolls
 a - a scroll of immolation {!r!r}
 b - a scroll of acquirement
 c - 8 scrolls of enchant weapon
 r - a scroll of revelation
 s - 3 scrolls of poison {!r}
 y - 2 scrolls of brand weapon
 A - 2 scrolls of silence {!r}
 G - 3 scrolls of blinking {!r}
 I - a scroll of vulnerability {!r!r}
 N - 2 scrolls of fear
 U - 2 scrolls of enchant armour
 Y - 3 scrolls of teleportation {@r4}
Potions
 e - 2 potions of ambrosia
 g - 12 potions of curing {@q1}
 j - 2 potions of resistance
 m - 4 potions of enlightenment
 p - 4 potions of brilliance
 t - 2 potions of haste {@q3}
 v - 5 potions of lignification {!q}
 w - a potion of cancellation
 B - 3 potions of mutation {!q}
 D - 2 potions of berserk rage {!q}
 E - 3 potions of invisibility
 H - 6 potions of heal wounds {@q2}
 J - 4 potions of attraction {!q}
 Q - 4 potions of might
Miscellaneous
 z - a sack of spiders (inert)
   (You found it on level 1 of the Lair of Beasts)

Dungeon Overview and Level Annotations

Branches:
Dungeon (15/15) Zot: 25790  Temple (0/1) D:7            Lair (5/5) D:11 Zot: 23499
  Swamp (4/4) Lair:3 Zot: 19754   Snake (4/4) Lair:3 Zot: 15751   Slime (0/5) Lair:5
    Orc (2/2) D:11 Zot: 9732     Elf (3/3) Orc:2 Zot: 12196  Vaults (0/5) D:14
 Depths (0/4) D:15          Sewer (visited)          Bailey (visited)

Altars:
Ashenzari
Dithmenos
Elyvilon
Fedhas
Kikubaaqudgha
Makhleb
Okawaru
Ru
Sif Muna
Trog
Uskayaw
Wu Jian
Zin
Jiyva

Shops:
D:4 =   D:11 =   Orc:2 *(=[   Elf:2 [   Snake:4 ![

Annotations:
D:3 2 transporters, DaftaChap's ghost, amateur DsGl
D:4 1 runed translucent door, Crazy Yiuf
D:5 1 runed translucent door, jboons's ghost, amateur DrIE
D:9 1 runed translucent door
Snake:3 Louise
Elf:3 Adatourgh's ghost, journeyman KoHu; Couxach's ghost, adept DjFE; Lurir's ghost, journeyman KoHu; Qulocw's ghost, journeyman TrSh; Xuahaunu's ghost, adept MfIE

...................#
...................#
.###.....###......##
## ##...## ##....##
# #...# #....# ##
##.## ##....## .###
### ###....).##
...## #.....(e..#
....# ......)@..#
...## ##.....((..#
.### ###......## ##
##ยง...## # #....#
## #..e.# .# ......
.... ....... ....


You could see 2 deep elf zephyrmancers and 3 dancing weapons.


Message History

You lost 1 mp, and now have 36/37 mp.
Unknown command.
You hit the +0 short sword of protection but do no damage.
Your bite misses the +0 short sword of protection.
The liquid fire burns you!
The +0 short sword of protection hits you but does no damage.
You block the +1 long sword of electrocution's attack.
The +0 short sword of protection hits you but does no damage. ๐Ÿ˜• HP[-6] MP[-3]
You take 6 damage, and now have 107/116 hp.
You lost 3 mp, and now have 33/37 mp.
Unknown command.
You barely miss the +0 short sword of protection.
Your bite misses the +0 short sword of protection.
The liquid fire burns you!
The +0 short sword of protection hits you but does no damage.
The +1 long sword of electrocution hits you!
The deep elf zephyrmancer points at you and mumbles some strange words.
The bolt of lightning hits you!
The deep elf zephyrmancer gestures at you while chanting.
The bolt of lightning misses the +1 long sword of electrocution.
The bolt of lightning hits you!!
* * * LOW HITPOINT WARNING * * *
The deep elf pyromancer barely misses you.
You hear a shout! ๐Ÿ˜จ HP[-51] MP[-16]
You take 51 damage, and now have 56/116 hp.
MASSIVE DAMAGE!! (PAUSE)
You lost 16 mp, and now have 17/37 mp.
You hit the deep elf pyromancer.
Your bite misses the deep elf pyromancer.
The liquid fire burns you!
* * * LOW HITPOINT WARNING * * *
You block the +0 short sword of protection's attack.
The +1 long sword of electrocution barely misses you.
The +0 short sword of protection hits you but does no damage.
The deep elf pyromancer hits you but does no damage. ๐Ÿ˜จ HP[-5] MP[-2]
You take 5 damage, and now have 51/116 hp.
You lost 2 mp, and now have 15/37 mp.
Unknown command.
You pummel the deep elf pyromancer!! You punch the deep elf pyromancer.
You kill the deep elf pyromancer!
The liquid fire burns you!
* * * LOW HITPOINT WARNING * * *
You block the +1 long sword of electrocution's attack.
The +0 short sword of protection hits you but does no damage.
The +0 long sword of freezing closely misses you. ๐Ÿ˜จ HP[-5] MP[-1]
You take 5 damage, and now have 46/116 hp.
You lost 1 mp, and now have 14/37 mp.
Unknown command.
You are healed.
The liquid fire burns you!
* * * LOW HITPOINT WARNING * * *
The +0 short sword of protection hits you but does no damage.
You block the +1 long sword of electrocution's attack.
You block the +0 long sword of freezing's attack.
The deep elf zephyrmancer hits you but does no damage.
The +0 short sword of protection hits you.
* * * LOW HITPOINT WARNING * * *
The +1 long sword of electrocution hits you but does no damage.
You are electrocuted!
* * * LOW HITPOINT WARNING * * *
๐Ÿ˜จ HP[+1] MP[-6]
You lost 6 mp, and now have 8/37 mp.
You pummel the deep elf zephyrmancer!! You bite the deep elf zephyrmancer.
The deep elf zephyrmancer's magic leaks into the air.
You drain its magic.
You feel invigorated. The liquid fire burns you!
* * * LOW HITPOINT WARNING * * *
You block the +0 short sword of protection's attack.
The +0 long sword of freezing hits you but does no damage.
The +1 long sword of electrocution closely misses you.
You block the deep elf zephyrmancer's attack.
The deep elf zephyrmancer casts a spell.
The deep elf zephyrmancer blinks!
The +0 long sword of freezing hits you!
* * * LOW HITPOINT WARNING * * *
The +0 long sword of freezing freezes you.
* * * LOW HITPOINT WARNING * * *
The +0 short sword of protection hits you but does no damage. ๐Ÿ˜จ HP[-16] MP[+5]
You take 16 damage, and now have 31/116 hp.
You regained 5 mp, and now have 13/37 mp.
Unknown command.
You hit the deep elf zephyrmancer but do no damage.
Your bite misses the deep elf zephyrmancer.
The liquid fire burns you!
* * * LOW HITPOINT WARNING * * *
The +1 long sword of electrocution hits you!
* * * LOW HITPOINT WARNING * * *
You are electrocuted!
* * * LOW HITPOINT WARNING * * *
You block the +0 short sword of protection's attack.
The +0 long sword of freezing hits you!
* * * LOW HITPOINT WARNING * * *
The +0 long sword of freezing freezes you!
Elyvilon protects you from harm!
The deep elf zephyrmancer hits you with a +0 rapier.
You die...

Skill      XL: |  1  2  3  4  5  6  7  8  9 10 11 12 13 14 15 16 17 18 19 20 |
---------------+-------------------------------------------------------------+-----
Fighting       | 3 4 5 6 8 10 12 14 15 16 | 16.5
Shields        | 3 4 5 |  5.0
Armour         | 3 4 5 6 |  6.4
Unarmed Combat | 3 4 5 7 9 10 11 12 13 14 15 17 18 | 18.2
Invocations    | 1 4 7 9 10 11 12 13 14 | 14.2
Spellcasting   | 3 4 6 9 10 12 | 12.7
Stealth        | 4 7 10 11 12 14 15 | 15.2
Dodging        | 2 5 6 7 8 9 |  9.5
Evocations     | 1 4 6 7 8 |  8.0
Conjurations   | 3 5 7 |  7.4
Earth Magic    | 3 5 7 |  7.4

Action                     |  1- 3 |  4- 6 |  7- 9 | 10-12 | 13-15 | 16-18 | 19-21 || total
---------------------------+-------+-------+-------+-------+-------+-------+-------++-------
  Melee: Unarmed           |    84 |    16 |   341 |   529 |   987 |  1332 |   724 ||  4013
         Bite              |    25 |    37 |   106 |   186 |   455 |   549 |   257 ||  1615
         Flail             |       |    62 |       |       |       |       |       ||    62
         Whip              |       |   112 |       |       |       |       |       ||   112
         Punch             |       |     1 |    15 |    45 |   138 |   151 |   100 ||   450
  Throw: Dart              |       |       |       |     3 |     1 |       |       ||     4
         Throwing net      |       |       |       |     1 |     2 |       |       ||     3
 Invoke: Heal Other        |       |       |       |     1 |       |     1 |       ||     2
         Heal Self         |       |       |       |     1 |     1 |    13 |     7 ||    22
         Divine Vigour     |       |       |       |       |     1 |     8 |     1 ||    10
         Purification      |       |       |       |       |       |     1 |       ||     1
Ability: Evoke Blink       |       |       |       |       |       |     2 |     3 ||     5
  Evoke: Wand              |       |       |     7 |    22 |     5 |    15 |     7 ||    56
         Sack of spiders   |       |       |       |       |     1 |     1 |     1 ||     3
    Use: Potion            |     1 |       |     1 |     5 |     1 |    10 |     4 ||    22
         Scroll            |       |    10 |    12 |    11 |     8 |    14 |     5 ||    60
   Stab: Invisible         |       |       |       |     4 |     3 |       |     1 ||     8
         Paralysed         |       |       |       |     4 |       |       |       ||     4
         Sleeping          |       |       |       |       |     4 |    12 |     5 ||    21
         Distracted        |       |       |       |       |     1 |     7 |     3 ||    11
         Fleeing           |       |       |       |       |       |     1 |       ||     1
 Armour: Scale mail        |    49 |   145 |   212 |   251 |       |       |       ||   657
         Skin              |       |       |       |     4 |       |       |       ||     4
         Chain mail        |       |       |       |    57 |   666 |   860 |   445 ||  2028
         Robe              |       |       |       |       |       |       |    38 ||    38
  Dodge: Dodged            |    45 |    78 |    95 |   143 |   300 |   570 |   237 ||  1468
         Repelled          |       |       |       |       |       |    48 |    10 ||    58
  Block: Buckler           |    13 |    55 |    83 |   322 |   450 |   700 |   301 ||  1924
         Reflection        |       |       |       |    28 |    50 |    68 |    24 ||   170

Levels and vault maps discovered:
D:1:      dpeg_arrival_pond, layout_rooms, minmay_circled_x
D:2:      layout_basic, ebering_ecumenical_altar_ruins
D:3:      layout_loops_ring, mainiacjoe_overflow_catwalk, gammafunk_ghost_arena,
          hex_medium, minmay_cut_off
D:4:      layout_basic, mainiacjoe_overflow_brackets, portal_sewer_entry_a,
          amcnicky_mini_rare_corridor_liquid, minmay_shop_enchanted_jewellery,
          minmay_pentangle, uniq_crazy_yiuf_cottage
D:5:      layout_loops_corners, hellmonk_ghost_happy_afterlife,
          minmay_quadrilaterals, uniq_eustachio
D:6:      layout_loops_corners, kennysheep_mini_moat, kennysheep_another_room,
          uniq_grinder
D:7:      layout_cave_pods, elyvilon_altar_1, minmay_temple_entry_statues,
          minmay_misc_feat_diagonals, grunt_decor_fettered
D:8:      layout_loops_cross, enter_bailey_4
D:9:      minmay_the_grid_triangle_9x9_rhombus_full
          [minmay_the_grid_triangle_9x9_descending_squares,
          minmay_the_grid_triangle_9x9_subtriangle,
          minmay_the_grid_triangle_9x9_swiss_cheese,
          minmay_the_grid_triangle_9x9_wacky_v,
          minmay_the_grid_triangle_9x9_sprig,
          minmay_the_grid_triangle_9x9_from_above,
          minmay_the_grid_triangle_9x9_longest,
          minmay_the_grid_triangle_9x9_prize_special], layout_basic,
          minmay_overflow_temple_star_hex, fedhas_altar_2,
          nicolae_wu_jian_wuxing_cycle
D:10:     layout_loops_corners, nicolae_overflow_hidden_temple, uniq_harold,
          uniq_joseph
D:11:     layout_long_grid, erik_lair_dragon, minmay_orc_entry_guard_dogs,
          serial_shops, nicolae_stop_n_shop_2, uniq_psyche, uniq_snorg,
          uniq_amaemon
D:12:     layout_roguey, mrwooster_statue_mirror, okawaru_trees_2
D:13:     minmay_cornered_nines, layout_loops_ring, uniq_jorgrun
D:14:     layout_roguey, grunt_vaults_entry_fortified, serial_library,
          serial_library_hellmonk_open_square, serial_library_hellmonk_room_c,
          serial_library_hellmonk_room_b, serial_library_hellmonk_hallway_b,
          serial_library_regret_index_small_wings,
          serial_library_hellmonk_room_a, serial_library_hellmonk_secret_room,
          nicolae_ru_the_path_less_chosen, gauntlet_entry_generic, uniq_nessos
D:15:     gammafunk_depths_entry_grave, layout_loops_ring
Lair:1:   layout_chaotic_city, serial_bayou_lagoon_b, uniq_maggie
Lair:2:   layout_gridlike, lemuel_another_geyser
Lair:3:   minmay_lair_oklob_tunnel, layout_small_grid,
          mainiacjoe_swamp_entry_lozenge_pond, guppyfry_snake_entry_garden,
          ldierk_geyser, dreamdust_deal_with_the_devil,
          chequers_serial_rivers_micro_d, lemuel_fruit_tree, grunt_megastairs_2
Lair:4:   layout_hall_layers, infiniplex_staircase_pool_2, serial_bayou_shore_a,
          lemuel_fruit_fields, wad_woods_river_01
Lair:5:   grunt_lair_end_beastmaster, layout_regular_city, slime_entry_1
Swamp:1:  layout_basic_swamp, nicolae_swamp_big_swirl,
          nicolae_swamp_tree_isthmus
Swamp:2:  cheibrodos_swamp_tower_of_moss, layout_basic_swamp,
          nicolae_swamp_godswood, swamp_pool_4
Swamp:3:  layout_basic_swamp, evilmike_swamp_ruin_wall
Swamp:4:  swamp_basic_johnstein, layout_basic_swamp, uniq_mara, uniq_bai_suzhen
Snake:1:  nicolae_snake_unarmed_stairs_patrol, layout_onion_interference,
          hangedman_snake_thin_pillar_pass, lightli_airlock
Snake:2:  layout_onion_interference, nicolae_snake_gridmaze_tees, drop_trap,
          grunt_megastairs_5
Snake:3:  layout_chambers, basic_altar, uniq_aizul, uniq_agnes, uniq_louise
Snake:4:  snake_pit, layout_chambers, minmay_shoptagon
Orc:1:    cheibrodos_orc_guarddog, layout_diamond_mine, bloody_makhleb
Orc:2:    grunt_orc_cross, layout_diamond_mine, uniq_sonja
Elf:1:    minmay_elf_crystal_hexagon, layout_onion_city, hangedman_elf_represent
Elf:2:    nicolae_elf_blades_crystal_corner, layout_geoelf_octagon,
          serial_shops, shop, hellmonk_sif_muna_bookshelves
Elf:3:    minmay_elf_hall_furrowed, layout_onion_city,
          gammafunk_ghost_door_vault

Notes
Turn   | Place    | Note
-------+----------+-------------------------------------------
     0 | D:1      | Zonian the Vine Stalker Fighter began the quest for the
                  | Orb.
     0 | D:1      | Reached XP level 1. HP: 11/11 MP: 2/2
     0 | D:1      | magus.rc [v1.9.6]
   280 | D:1      | Reached XP level 2. HP: 13/16 MP: 3/3
   572 | D:2      | Reached skill level 3 in Fighting
   572 | D:2      | Reached skill level 3 in Shields
   572 | D:2      | Reached XP level 3. HP: 20/20 MP: 4/4
   757 | D:2      | Found a faded altar of an unknown god.
   865 | D:2      | Reached XP level 4. HP: 12/24 MP: 3/5
   868 | D:2      | Reached skill level 3 in Armour
  1226 | D:3      | Reached skill level 3 in Unarmed Combat
  1385 | D:3      | You pick up a book of Blood and begin reading...
  1385 | D:3      | You add the spells Call Imp, Sublimation of Blood and
                  | Summon Hydra to your library.
  1426 | D:3      | Found a transporter.
  1426 | D:3      | Noticed DaftaChap's ghost (amateur DsGl)
  1431 | D:3      | Found a transporter.
  1480 | D:3      | Reached XP level 5. HP: 26/28 MP: 4/6
  1518 | D:3      | Found a glowing silver altar of Zin.
  1777 | D:4      | Found a hide-covered altar of Uskayaw.
  1783 | D:4      | Noticed an ogre
  1807 | D:4      | Killed an ogre
  1813 | D:4      | Reached XP level 6. HP: 33/33 MP: 7/7
  1859 | D:4      | Found Yruiliuh's Jewellery Emporium.
  1861 | D:4      | Found a glowing drain.
  1900 | Sewer    | Entered a sewer
  2265 | Sewer    | Reached skill level 4 in Fighting
  2265 | Sewer    | Reached skill level 4 in Shields
  2638 | D:4      | Reached skill level 4 in Unarmed Combat
  2638 | D:4      | Reached XP level 7. HP: 16/37 MP: 3/8
  2663 | D:4      | Reached skill level 4 in Armour
  2777 | D:4      | Found a runed translucent door.
  2778 | D:4      | Noticed Crazy Yiuf
  3092 | D:5      | Entered Level 5 of the Dungeon
  3392 | D:5      | Reached skill level 5 in Fighting
  3392 | D:5      | Reached skill level 5 in Unarmed Combat
  3392 | D:5      | Gained mutation: You have razor-sharp teeth. [Vine Stalker
                  | growth]
  3392 | D:5      | Reached XP level 8. HP: 17/43 MP: 9/9
  4054 | D:5      | You add the spells Cigotuvi's Dreadful Rot, Ignite Poison
                  | and Freezing Cloud to your library.
  4086 | D:5      | Noticed jboons's ghost (amateur DrIE)
  4116 | D:5      | Noticed Eustachio
  4129 | D:5      | Killed Eustachio
  4130 | D:5      | Reached skill level 6 in Fighting
  4130 | D:5      | Reached skill level 6 in Unarmed Combat
  4382 | D:5      | Found a runed translucent door.
  5424 | D:6      | Noticed Grinder
  5434 | D:6      | Killed Grinder
  5435 | D:6      | Reached skill level 7 in Unarmed Combat
  5558 | D:6      | Reached XP level 9. HP: 43/49 MP: 8/10
  5693 | D:6      | Reached skill level 7 in Fighting
  6199 | D:6      | Found a bloodstained altar of Trog.
  6883 | D:7      | Found a white marble altar of Elyvilon.
  6891 | D:7      | Became a worshipper of Elyvilon the Healer
  6920 | D:7      | Reached skill level 8 in Unarmed Combat
  7054 | D:7      | Found a staircase to the Ecumenical Temple.
  7064 | D:7      | Reached skill level 8 in Fighting
  7423 | D:4      | Bought an amulet of reflection for 330 gold pieces
  7659 | D:7      | Reached skill level 9 in Unarmed Combat
  7775 | D:8      | Reached skill level 1 in Invocations
  7809 | D:8      | Reached * piety under Elyvilon
  7818 | D:8      | Reached XP level 10. HP: 51/57 MP: 7/11
  7923 | D:8      | HP: 8/57 [acid dragon/splash of acid (17)]
  7925 | D:8      | Reached skill level 2 in Invocations
  8048 | D:8      | Found a flagged portal.
  8102 | Bailey   | Entered a bailey
  8235 | Bailey   | Reached skill level 9 in Fighting
  8444 | Bailey   | Reached skill level 3 in Invocations
  8964 | Bailey   | Noticed an orc knight
  8964 | Bailey   | Noticed an orc knight
  9179 | Bailey   | HP: 8/58 [orc knight/+0 halberd (14)]
  9186 | Bailey   | Killed an orc knight
  9187 | Bailey   | Reached skill level 1 in Spellcasting
  9392 | Bailey   | Killed an orc knight
  9393 | Bailey   | Reached skill level 10 in Unarmed Combat
  9393 | Bailey   | Reached skill level 2 in Spellcasting
  9393 | Bailey   | Reached skill level 4 in Invocations
  9497 | Bailey   | Identified the +4 arbalest "Engop" {elec, *Slow rCorr Int+4
                  | SInv}
  9946 | D:8      | You pick up a book of Geomancy and begin reading...
  9946 | D:8      | You add the spells Sandblast, Passwall, Stone Arrow and
                  | Brom's Barrelling Boulder to your library.
 10028 | D:9      | Reached ** piety under Elyvilon
 10032 | D:9      | Found an ornate altar of the Wu Jian Council.
 10048 | D:9      | Reached skill level 10 in Fighting
 10320 | D:9      | Found a runed translucent door.
 10322 | D:9      | Noticed a cyclops
 10360 | D:9      | Reached skill level 3 in Spellcasting
 10360 | D:9      | Reached XP level 11. HP: 49/63 MP: 11/16
 10391 | D:9      | Noticed a two-headed ogre
 10400 | D:9      | Killed a two-headed ogre
 10401 | D:9      | Reached skill level 5 in Invocations
 10542 | D:9      | Noticed a two-headed ogre
 10550 | D:9      | Killed a two-headed ogre
 10656 | D:9      | Noticed a cyclops
 10665 | D:9      | Killed a cyclops
 10681 | D:9      | Reached skill level 4 in Spellcasting
 10730 | D:9      | Identified the ring of Kageoq {Fly rElec rF+ MP-9 SInv}
 10755 | D:9      | Identified the ring "Jusueguc" {+Blink rN+ Will+ Str+3
                  | Dex+3}
 10755 | D:9      | Noticed a centaur warrior
 10764 | D:9      | Killed a centaur warrior
 10765 | D:9      | Reached skill level 11 in Fighting
 10765 | D:9      | Noticed a cyclops
 10768 | D:9      | Killed a cyclops
 10769 | D:9      | Reached skill level 6 in Invocations
 10781 | D:9      | Noticed a boulder beetle
 10803 | D:9      | Pacified a boulder beetle
 10803 | D:9      | HP: 11/65 [boulder beetle (10)]
 10804 | D:9      | Reached skill level 11 in Unarmed Combat
 10918 | D:9      | Identified the ring "Nyonim" {Fire rN+ MP-9 Int+3}
 10926 | D:9      | Identified the ring of the Magpie {rPois Str+3 Dex+3}
 10926 | D:9      | Noticed a tengu warrior
 10932 | D:9      | Killed a tengu warrior
 11197 | D:9      | Found a blossoming altar of Fedhas.
 11768 | D:9      | Found a shimmering blue altar of Sif Muna.
 11900 | D:9      | Found a shadowy altar of Dithmenos.
 11913 | D:9      | Found a burning altar of Makhleb.
 11913 | D:9      | Found an ancient bone altar of Kikubaaqudgha.
 11926 | D:9      | Found a broken altar of Ashenzari.
 12087 | D:10     | Entered Level 10 of the Dungeon
 12136 | D:10     | Noticed Joseph
 12138 | D:10     | Reached *** piety under Elyvilon
 12149 | D:10     | Killed Joseph
 12267 | D:10     | Noticed a sixfirhy
 12270 | D:10     | Reached skill level 12 in Fighting
 12270 | D:10     | Reached skill level 7 in Invocations
 12489 | D:10     | Noticed Harold
 12498 | D:10     | Killed Harold
 12499 | D:10     | Reached XP level 12. HP: 72/72 MP: 19/19
 13237 | D:11     | Found Nodeeb's Jewellery Shop.
 13262 | D:11     | Noticed Amaemon
 13276 | D:11     | HP: 18/72 [poisoned by Amaemon]
 13286 | D:11     | HP: 18/72 [gargoyle/stone arrow (18)]
 13288 | D:11     | Reached skill level 12 in Unarmed Combat
 13390 | D:11     | Reached skill level 13 in Fighting
 13390 | D:11     | Reached skill level 8 in Invocations
 13548 | D:11     | You pick up a book of Weapons and begin reading...
 13548 | D:11     | You add the spells Tukima's Dance, Dimensional Bullseye and
                  | Iskenderun's Mystic Blast to your library.
 13569 | D:11     | Identified a scroll of acquirement
 13569 | D:11     | Acquired the +5 chain mail of the Dice {Rampage +Blink
                  | Int-2}
 13618 | D:11     | Noticed Snorg
 13639 | D:11     | Killed Snorg
 13653 | D:11     | Reached **** piety under Elyvilon
 13670 | D:11     | Noticed Psyche
 13683 | D:11     | Killed Psyche
 13745 | D:11     | Found a staircase to the Orcish Mines.
 14008 | D:11     | Found a staircase to the Lair.
 14377 | D:11     | Killed Amaemon
 14507 | Lair:1   | Entered Level 1 of the Lair of Beasts
 14513 | Lair:1   | Reached skill level 5 in Armour
 14606 | Lair:1   | Identified the +6 spear "Tosmi" {speed, rF- rCorr Str+4}
 14936 | Lair:1   | Reached skill level 9 in Invocations
 14942 | Lair:1   | Reached skill level 14 in Fighting
 14971 | Lair:1   | Reached XP level 13. HP: 42/79 MP: 12/20
 15141 | Lair:1   | Noticed Maggie
 15159 | Lair:1   | Killed Maggie
 15429 | Lair:2   | Reached ***** piety under Elyvilon
 15497 | Lair:2   | You pick up a book of Battle and begin reading...
 15497 | Lair:2   | You add the spells Fugue of the Fallen, Ozocubu's Armour
                  | and Manifold Assault to your library.
 15629 | Lair:2   | Reached skill level 6 in Armour
 15629 | Lair:2   | Reached skill level 13 in Unarmed Combat
 16475 | Lair:3   | You add the spells Vhi's Electric Charge, Arcjolt and
                  | Maxwell's Capacitive Coupling to your library.
 16491 | Lair:3   | Reached skill level 10 in Invocations
 16504 | Lair:3   | Reached skill level 1 in Stealth
 16575 | Lair:3   | Found the +4 robe of Folly {Brill Will-โˆž Int+8}
 16687 | Lair:3   | Reached skill level 1 in Dodging
 16698 | Lair:3   | Reached skill level 2 in Stealth
 16698 | Lair:3   | Found a staircase to the Snake Pit.
 16942 | Lair:3   | Reached skill level 3 in Stealth
 16946 | Lair:3   | Found a staircase to the Swamp.
 17026 | Lair:3   | Reached skill level 2 in Dodging
 17545 | Lair:3   | Reached skill level 4 in Stealth
 17666 | Lair:3   | Reached skill level 1 in Evocations
 17802 | Lair:4   | Reached XP level 14. HP: 79/84 MP: 19/22
 18044 | Lair:4   | Reached skill level 3 in Dodging
 18049 | Lair:4   | Reached skill level 2 in Evocations
 18131 | Lair:4   | Reached ****** piety under Elyvilon
 18231 | Lair:4   | Reached skill level 5 in Stealth
 18785 | Lair:4   | Reached skill level 14 in Unarmed Combat
 18785 | Lair:4   | Reached skill level 3 in Evocations
 19008 | Lair:5   | Entered Level 5 of the Lair of Beasts
 19008 | Lair:5   | Found a viscous altar of Jiyva.
 19008 | Lair:5   | Found a staircase to the Slime Pits.
 19030 | Lair:5   | Reached skill level 11 in Invocations
 19072 | Lair:5   | Reached skill level 6 in Stealth
 19215 | Lair:5   | You pick up a book of the Hunter and begin reading...
 19215 | Lair:5   | You add the spells Sigil of Binding and Call Canine
                  | Familiar to your library.
 19609 | Lair:5   | Reached skill level 4 in Dodging
 20099 | Lair:5   | You pick up a book of the Moon and begin reading...
 20099 | Lair:5   | You add the spells Passage of Golubria, Silence and
                  | Lehudib's Crystal Spear to your library.
 20105 | Lair:5   | Identified the +5 demon trident "Ziathyvu" {drain, rC+ rN++
                  | Dex-5 SInv}
 20147 | Lair:5   | Reached skill level 4 in Evocations
 20157 | Lair:5   | Reached skill level 7 in Stealth
 20781 | D:12     | Found an iron altar of Okawaru.
 21261 | D:13     | Noticed Jorgrun
 21370 | D:13     | Killed Jorgrun
 21371 | D:13     | Reached skill level 5 in Dodging
 21371 | D:13     | Reached XP level 15. HP: 88/88 MP: 24/24
 21509 | D:13     | HP: 17/88 [titanic slime creature (71)]
 21724 | D:13     | Reached skill level 8 in Stealth
 22093 | D:13     | Reached skill level 5 in Evocations
 22472 | D:14     | Found a sacrificial altar of Ru.
 22574 | D:14     | You add the spells Alistair's Intoxication, Borgnjor's Vile
                  | Clutch and Eringya's Noxious Bog to your library.
 22795 | D:14     | Noticed Nessos
 22800 | D:14     | Killed Nessos
 23311 | D:14     | Reached skill level 12 in Invocations
 23872 | D:14     | Reached skill level 9 in Stealth
 23917 | D:14     | Found a gate to the Vaults.
 24325 | D:15     | Entered Level 15 of the Dungeon
 24327 | D:15     | Noticed a fire giant
 24335 | D:15     | Killed a fire giant
 24412 | D:15     | Found a staircase to the Depths.
 24448 | D:15     | Reached skill level 6 in Dodging
 24457 | D:15     | Reached skill level 15 in Unarmed Combat
 24483 | D:15     | Reached skill level 6 in Evocations
 24879 | D:15     | Reached skill level 10 in Stealth
 25415 | Orc:1    | Entered Level 1 of the Orcish Mines
 25514 | Orc:1    | Reached XP level 16. HP: 91/93 MP: 26/26
 25579 | Orc:1    | Found a burning altar of Makhleb.
 25902 | Orc:2    | Entered Level 2 of the Orcish Mines
 26101 | Orc:2    | Found a staircase to the Elven Halls.
 26101 | Orc:2    | Noticed Sonja
 26120 | Orc:2    | Killed Sonja
 26461 | Orc:2    | Reached skill level 5 in Spellcasting
 26483 | Orc:2    | HP: 22/116 [orc knight/+0 great mace (23)]
 26600 | Orc:2    | Noticed Urug
 26913 | Orc:2    | Found Vefadghi's Antique Armour Shop.
 26929 | Orc:2    | Killed Urug
 26930 | Orc:2    | Reached skill level 7 in Dodging
 26931 | Orc:2    | Found Haz Wymm's Jewellery Shop.
 27088 | Orc:2    | Found Ziten's Antique Weapon Shop.
 27295 | Orc:2    | Bought a glowing scarf for 264 gold pieces
 27415 | Orc:2    | Found Lausuerch's General Store.
 27423 | Orc:2    | Bought a scroll of teleportation for 39 gold pieces
 27423 | Orc:2    | Bought a potion of might for 52 gold pieces
 27659 | Orc:2    | magus.rc [v1.9.6]
 27859 | Snake:1  | Entered Level 1 of the Snake Pit
 27868 | Lair:3   | HP: 18/93 [anaconda (10)]
 27874 | Lair:3   | HP: 15/93 [shock serpent/bolt of electricity (10)]
 28112 | Snake:1  | Reached skill level 11 in Stealth
 28355 | Snake:1  | Reached skill level 13 in Invocations
 28504 | Snake:1  | Reached skill level 7 in Evocations
 28569 | Snake:1  | You pick up a book of Touch and begin reading...
 28569 | Snake:1  | You add the spells Kiss of Death, Confusing Touch and
                  | Dispel Undead to your library.
 28581 | Snake:1  | You pick up a book of Dangerous Friends and begin
                  | reading...
 28581 | Snake:1  | You add the spells Summon Blazeheart Golem, Orb of
                  | Destruction and Spellforged Servitor to your library.
 28785 | Snake:1  | Found a runed translucent door.
 28812 | Snake:1  | HP: 22/93 [naga mage/+0 spear (6)]
 28994 | Snake:1  | Reached skill level 6 in Spellcasting
 29117 | Snake:1  | Noticed a nagaraja
 29122 | Snake:1  | Killed a nagaraja
 30446 | Snake:2  | Reached XP level 17. HP: 82/98 MP: 23/28
 30650 | Snake:2  | Reached skill level 12 in Stealth
 30849 | Snake:2  | Reached skill level 16 in Unarmed Combat
 30897 | Snake:2  | Reached skill level 8 in Dodging
 30912 | Snake:2  | Reached skill level 7 in Spellcasting
 30914 | Snake:2  | HP: 24/98 [naga ritualist/Olgreb's Toxic Radiance (1)]
 30919 | Snake:2  | HP: 21/98 [poisoned by a naga ritualist (toxic radiance)]
 30923 | Snake:2  | Reached skill level 8 in Evocations
 30924 | Snake:2  | HP: 17/98 [poisoned by a naga ritualist (toxic radiance)]
 31325 | Snake:2  | You fall into a shaft and drop 1 floor!
 31401 | Snake:3  | Noticed Agnes
 31416 | Snake:3  | Killed Agnes
 32079 | Snake:3  | Identified the serpent talisman "Terupp" {rCorr}
 32079 | Snake:3  | Noticed Aizul
 32100 | Snake:3  | Killed Aizul
 32247 | Snake:3  | Found a broken altar of Ashenzari.
 32282 | Snake:2  | Reached skill level 14 in Invocations
 32405 | Snake:3  | Noticed Louise
 32434 | Snake:3  | Reached skill level 8 in Spellcasting
 33179 | Snake:4  | Entered Level 4 of the Snake Pit
 33748 | Snake:4  | Reached skill level 15 in Fighting
 34095 | Snake:4  | Found Coshrui's Armour Boutique.
 34095 | Snake:4  | Found Vorykiec's Distillery.
 34118 | Snake:4  | Bought a potion of might for 68 gold pieces
 34118 | Snake:4  | Bought a potion of might for 68 gold pieces
 34118 | Snake:4  | Bought a potion of magic for 136 gold pieces
 34858 | Snake:4  | Reached skill level 17 in Unarmed Combat
 35001 | Snake:4  | Reached skill level 9 in Spellcasting
 35015 | Snake:4  | Reached XP level 18. HP: 39/130 MP: 20/40
 35016 | Snake:4  | HP: 32/130 [poisoned by a nagaraja (poison arrow)]
 35021 | Snake:4  | HP: 18/130 [poisoned by a nagaraja (poison arrow)]
 36057 | Snake:4  | Got a serpentine rune of Zot
 36476 | Swamp:1  | Entered Level 1 of the Swamp
 37001 | Swamp:1  | Noticed a tentacled monstrosity
 37008 | Swamp:1  | Reached skill level 10 in Spellcasting
 37015 | Swamp:1  | Killed a tentacled monstrosity
 37455 | Swamp:2  | HP: 18/105 [thorn hunter/volley of thorns (19)]
 37472 | Swamp:2  | Upgraded the game from 0.32-a0-163-g159c032296 to
                  | 0.32-a0-172-gc5dd13f2a7
 37472 | Swamp:2  | magus.rc [v1.9.6]
 37704 | Swamp:2  | Learned a level 3 spell: Stone Arrow
 37745 | Swamp:2  | Reached skill level 16 in Fighting
 37774 | Swamp:2  | Found a hide-covered altar of Uskayaw.
 38072 | Swamp:2  | Reached skill level 1 in Conjurations
 38072 | Swamp:2  | Reached skill level 1 in Earth Magic
 39029 | Swamp:4  | Entered Level 4 of the Swamp
 39157 | Swamp:4  | Reached skill level 2 in Conjurations
 39157 | Swamp:4  | Reached skill level 2 in Earth Magic
 39375 | Swamp:4  | Noticed Bai Suzhen
 39388 | Swamp:4  | HP: 30/136 [Bai Suzhen] (20)]
 39391 | Swamp:4  | HP: 11/136 [eight-headed hydra[Bai Suzhen] (6)]
 39394 | Swamp:4  | Noticed Mara
 39399 | Swamp:4  | Killed Bai Suzhen
 39433 | Swamp:4  | Noticed Zonian's illusion
 39434 | Swamp:4  | HP: 32/136 [Mara/bolt of fire (30)]
 39704 | Swamp:4  | Reached skill level 18 in Unarmed Combat
 39715 | Swamp:4  | Noticed Zonian's illusion
 39720 | Swamp:4  | HP: 22/105 [Zonian's illusion (illusionary)[Mara] (10)]
 39725 | Swamp:4  | HP: 20/105 [Zonian's illusion (illusionary)[Mara] (25)]
 39730 | Swamp:4  | Killed Mara
 39731 | Swamp:4  | Reached skill level 3 in Conjurations
 39731 | Swamp:4  | Reached skill level 3 in Earth Magic
 39731 | Swamp:4  | Reached XP level 19. HP: 24/136 MP: 17/42
 39878 | Swamp:4  | Reached skill level 11 in Spellcasting
 40124 | Swamp:4  | Got a decaying rune of Zot
 40342 | Swamp:4  | You pick up a book of Iron and begin reading...
 40342 | Swamp:4  | You add the spells Summon Lightning Spire, Animate Armour
                  | and Lee's Rapid Deconstruction to your library.
 40375 | Swamp:4  | Reached skill level 13 in Stealth
 41228 | Elf:1    | Entered Level 1 of the Elven Halls
 41275 | Elf:1    | Reached skill level 4 in Conjurations
 41275 | Elf:1    | Reached skill level 4 in Earth Magic
 41449 | Elf:1    | Paralysed by an air elemental for 1 turns
 41655 | Elf:1    | Paralysed by an air elemental for 1 turns
 41797 | Elf:1    | Found a huge runed translucent gate.
 41797 | Elf:1    | Found a huge runed translucent gate.
 41798 | Elf:1    | Found a huge runed translucent gate.
 41798 | Elf:1    | Found a huge runed translucent gate.
 41799 | Elf:1    | Found a huge runed translucent gate.
 41799 | Elf:1    | Found a huge runed translucent gate.
 41799 | Elf:1    | Found a huge runed translucent gate.
 41799 | Elf:1    | Found a huge runed translucent gate.
 41799 | Elf:1    | Found a huge runed translucent gate.
 41799 | Elf:1    | Found a huge runed translucent gate.
 41799 | Elf:1    | Found a huge runed translucent gate.
 41799 | Elf:1    | Found a huge runed translucent gate.
 41800 | Elf:1    | Found a huge runed translucent gate.
 41800 | Elf:1    | Found a huge runed translucent gate.
 41800 | Elf:1    | Found a huge runed translucent gate.
 41800 | Elf:1    | Found a huge runed translucent gate.
 41800 | Elf:1    | Found a huge runed translucent gate.
 41800 | Elf:1    | Found a huge runed translucent gate.
 41803 | Elf:1    | Found a huge runed translucent gate.
 41803 | Elf:1    | Found a huge runed translucent gate.
 41856 | Elf:1    | HP: 13/111 [deep elf elementalist/fireball (23)]
 41861 | Elf:1    | HP: 25/111 [something (13)]
 41876 | Elf:1    | HP: 13/111 [deep elf pyromancer/bolt of fire (18)]
 42151 | Elf:1    | Paralysed by an air elemental for 1 turns
 42155 | Elf:1    | Paralysed by an air elemental for 1 turns
 42771 | Elf:2    | Found the +3 robe of Clouds {*Thunder rCloud rElec}
 42877 | Elf:2    | Found Seoryuso's Antique Armour Boutique.
 42988 | Elf:2    | Reached skill level 5 in Conjurations
 42988 | Elf:2    | Reached skill level 5 in Earth Magic
 43163 | Elf:2    | Found a runed translucent gate.
 43164 | Elf:2    | Found a runed translucent gate.
 43164 | Elf:2    | Found a runed translucent gate.
 43313 | Elf:2    | Found a shimmering blue altar of Sif Muna.
 43499 | Elf:3    | Entered Level 3 of the Elven Halls
 43511 | Elf:3    | Found a huge runed translucent gate.
 43511 | Elf:3    | Found a huge runed translucent gate.
 43511 | Elf:3    | Found a huge runed translucent gate.
 43511 | Elf:3    | Found a huge runed translucent gate.
 43511 | Elf:3    | Found a huge runed translucent gate.
 43511 | Elf:3    | Found a huge runed translucent gate.
 43511 | Elf:3    | Found a huge runed translucent gate.
 43512 | Elf:3    | Found a huge runed translucent gate.
 43513 | Elf:3    | Found a huge runed translucent gate.
 43513 | Elf:3    | Found a huge runed translucent gate.
 43514 | Elf:3    | Found a huge runed translucent gate.
 43514 | Elf:3    | Found a huge runed translucent gate.
 43514 | Elf:3    | Found a huge runed translucent gate.
 43515 | Elf:3    | Found a huge runed translucent gate.
 43520 | Elf:3    | Found a huge runed translucent gate.
 43520 | Elf:3    | Found a huge runed translucent gate.
 43520 | Elf:3    | Found a huge runed translucent gate.
 43520 | Elf:3    | Found a huge runed translucent gate.
 43545 | Elf:3    | Found a huge runed translucent gate.
 43546 | Elf:3    | Found a huge runed translucent gate.
 43582 | Elf:3    | Found a huge runed translucent gate.
 44009 | Elf:3    | Found a huge runed translucent gate.
 44009 | Elf:3    | Found a huge runed translucent gate.
 44010 | Elf:3    | Found a huge runed translucent gate.
 44010 | Elf:3    | Found a huge runed translucent gate.
 44029 | Elf:3    | Found a huge runed translucent gate.
 44029 | Elf:3    | Found a huge runed translucent gate.
 44029 | Elf:3    | Found a huge runed translucent gate.
 44029 | Elf:3    | Found a huge runed translucent gate.
 44030 | Elf:3    | Found a huge runed translucent gate.
 44031 | Elf:3    | Found a huge runed translucent gate.
 44066 | Elf:3    | Reached skill level 14 in Stealth
 44233 | Elf:3    | Identified the +8 battleaxe of Xikhlif {speed, rPois}
 44233 | Elf:3    | Identified the amulet of Teuqieju {RegenMP Will+ Regen+}
 44303 | Elf:3    | Found a huge runed translucent gate.
 44305 | Elf:3    | Found a huge runed translucent gate.
 44341 | Elf:3    | Paralysed by an air elemental for 1 turns
 44402 | Elf:3    | Identified the +4 spear "Izorhecu" {speed, Fly}
 44468 | Elf:3    | Identified the +6 chain mail of Disaster {Rampage ^Drain
                  | rF- rCorr Dex+6}
 44468 | Elf:3    | Identified the amulet of Divine Compulsion {Reflect +Blink
                  | Int-5 SH+5 Stlth+}
 44488 | Elf:3    | Reached skill level 12 in Spellcasting
 44497 | Elf:3    | Reached XP level 20. HP: 48/116 MP: 37/37
 44801 | Elf:3    | Found a huge runed translucent gate.
 44846 | Elf:3    | Identified the +8 war axe "Dizuan" {speed, Dex+3}
 44854 | Elf:3    | Reached skill level 6 in Conjurations
 44854 | Elf:3    | Reached skill level 6 in Earth Magic
 45007 | Elf:3    | Found a huge runed translucent gate.
 45011 | Elf:3    | Found a huge runed translucent gate.
 45369 | Elf:3    | Identified the ring of Jizulergh {rN+ rCorr Str-2 Dex+2
                  | Stlth+}
 45377 | Elf:3    | Noticed a Brimstone Fiend
 45573 | Elf:3    | Identified the +5 battleaxe of the Winnowing Gods {freeze,
                  | rF+ Will++ Str+2 Int+3}
 45621 | Elf:3    | HP: 29/116 [deep elf blademaster/+0 quick blade (2)]
 45624 | Elf:3    | Reached skill level 9 in Dodging
 45626 | Elf:3    | HP: 11/116 [deep elf sorcerer/bolt of acid (37)]
 45627 | Elf:3    | HP: 5/116 [deep elf sorcerer/the +5 battleaxe of the
                  | Winnowing Gods {freeze, rF+ Will++ Str+2 Int+3} (1)]
 45628 | Elf:3    | Elyvilon protects you from harm!
 45984 | Elf:3    | You pick up a book of Power and begin reading...
 45984 | Elf:3    | You add the spells Iskenderun's Battlesphere and Bombard to
                  | your library.
 45987 | Elf:3    | Got the Tome of the Bound Quarry
 46006 | Elf:3    | You pick up a book of the Hunter and begin reading...
 46042 | Elf:3    | You add the spells Malign Gateway and Summon Horrible
                  | Things to your library.
 46048 | Elf:3    | You pick up a book of Transmutation and begin reading...
 46048 | Elf:3    | You add the spells Petrify and Irradiate to your library.
 46050 | Elf:3    | You pick up a book of Minor Magic and begin reading...
 46050 | Elf:3    | You add the spells Magic Dart and Blink to your library.
 46059 | Elf:3    | Got Fogh's Omnibus of Ouranomancy and Talus
 46128 | Elf:3    | You pick up a book of Burglary and begin reading...
 46132 | Elf:3    | You pick up a book of Burglary and begin reading...
 46350 | Elf:3    | Noticed Qulocw's ghost (journeyman TrSh)
 46350 | Elf:3    | Noticed Adatourgh's ghost (journeyman KoHu)
 46350 | Elf:3    | Noticed Xuahaunu's ghost (adept MfIE)
 46350 | Elf:3    | Noticed Couxach's ghost (adept DjFE)
 46350 | Elf:3    | Noticed Quimia Kaeg's ghost (adept MiBe)
 46350 | Elf:3    | Noticed Lurir's ghost (journeyman KoHu)
 46351 | Elf:3    | Noticed Ynwoy's ghost (journeyman FeSu)
 46592 | Elf:3    | Killed Ynwoy's ghost
 46623 | Elf:3    | Killed Quimia Kaeg's ghost
 46987 | Elf:2    | You are cast into the Abyss!
 46987 | Abyss:3  | Cast into level 3 of the Abyss (+4 quick blade of
                  | distortion)
 47033 | Abyss:3  | Found a shimmering altar of Xom.
 47063 | Abyss:3  | Reached skill level 7 in Conjurations
 47063 | Abyss:3  | Reached skill level 7 in Earth Magic
 47224 | Abyss:3  | Reached skill level 15 in Stealth
 47230 | Abyss:3  | Found a corrupted altar of Lugonu.
 47393 | Elf:2    | You pass through the gate.
 47393 | Elf:2    | Escaped the Abyss
 47559 | Elf:2    | Reached skill level 5 in Shields
 47616 | Elf:2    | HP: 28/116 [burnt (3)]
 47616 | Elf:2    | HP: 12/116 [+1 long sword of electrocution (6)]
 47616 | Elf:2    | HP: 1/116 [+0 long sword of freezing (11)]
 47616 | Elf:2    | Elyvilon protects you from harm!
 47616 | Elf:2    | Slain by a deep elf zephyrmancer

Vanquished Creatures
  Mara (Swamp:4)
  Bai Suzhen (Swamp:4)
  A tentacled monstrosity (Swamp:1)
  Jorgrun (D:13)
  A lich (Abyss:3)
  The ghost of Quimia Kaeg the Executioner, an adept MiBe of Trog (Elf:3)
  6 deep elf blademasters
  3 deep elf master archers (Elf:3)
  4 tentacled starspawn (Abyss:3)
  Agnes (Snake:3)
  Aizul (Snake:3)
  A fire giant (D:15)
  2 thorn hunters
  7 nagarajas
  A daeva (Abyss:3)
  5 deep elf sorcerers (Elf:3)
  6 deep elf elementalists
  An orc warlord (Orc:2)
  A reaper (Abyss:3)
  7 deep elf demonologists (Elf:3)
  3 deep elf death magi
  Nessos (D:14)
  The ghost of Ynwoy the Black Sun, a journeyman FeSu of Kikubaaqudgha (Elf:3)
  5 eleionomae
  3 bunyips (Swamp:1)
  6 deep elf annihilators (Elf:3)
  11 slime creatures
  Snorg (D:11)
  2 shambling mangroves (Swamp:4)
  3 deep elf high priests (Elf:3)
  2 rakshasas
  5 vault guards (D:14)
  17 hydras
  2 salamander tyrants (Snake:4)
  3 ogre magi
  3 ghost crabs
  Harold (D:10)
  2 catoblepae
  10 alligators
  12 two-headed ogres
  7 centaur warriors
  23 dancing weapons
  11 naga warriors
  2 boulder beetles
  13 anacondas
  A deep troll shaman (Lair:5)
  2 tengu warriors
  3 death yaks (Lair:5)
  An orc high priest (Orc:2)
  A vampire mage (D:15)
  2 spriggan berserkers (Swamp:4)
  11 shock serpents
  Urug (Orc:2)
  18 naga sharpshooters
  Sonja (Orc:2)
  18 deep elf knights
  3 skysharks
  Amaemon (D:11)
  A death drake (Swamp:1)
  2 storm dragon zombies (D:15)
  2 salamander mystics (Snake:4)
  20 mana vipers
  3 skeletal warriors (D:15)
  5 goliath frogs
  2 large abominations (Abyss:3)
  13 naga ritualists
  An arcanist (D:14)
  11 swamp dragons
  A glowing orange brain (Abyss:3)
  6 deep elf archers
  6 bog bodies
  5 orc knights
  A necromancer (D:15)
  16 deep elf zephyrmancers
  3 orc sorcerers (Orc:2)
  5 ugly things (D:15)
  30 deep elf pyromancers
  8 cyclopes
  4 oklob plants (Lair:3)
  6 will-o-the-wisps
  2 manticores
  8 salamanders
  31 black mambas
  2 kobold blastminers (Orc:1)
  29 elephants
  5 guardian serpents
  Joseph (D:10)
  18 naga magi
  Maggie (Lair:1)
  A smoke demon (Abyss:3)
  2 rime drakes
  3 gargoyles
  2 orange demons
  3 freezing wraiths
  7 cane toads
  3 kobold demonologists
  7 komodo dragons
  2 efreet
  A yaktaur (D:14)
  Psyche (D:11)
  A tengu conjurer (D:15)
  8 polar bears
  2 trolls
  6 tyrant leeches
  Grinder (D:6)
  10 hornets
  4 dream sheep (Lair:3)
  8 blink frogs
  5 air elementals
  A centaur simulacrum (D:13)
  3 wraiths
  35 yaks
  A shadow (D:12)
  4 spriggans
  Eustachio (D:5)
  3 fire elementals
  2 humans (D:14)
  3 water elementals
  12 wargs
  10 wyverns
  5 basilisks
  14 starcursed masses (Abyss:3)
  15 vampire mosquitoes
  12 swamp worms
  A small abomination (Abyss:3)
  31 nagas
  3 acid dragons
  12 water moccasins
  A sky beast (D:7)
  6 swamp drakes
  An ice beast (D:7)
  39 orc warriors
  9 boggarts (D:14)
  6 laughing skulls
  4 black bears
  9 ogres
  9 centaurs
  25 wolves
  A phantom (D:6)
  4 kobold brigands
  14 bullfrogs
  3 earth elementals
  A gnoll sergeant (D:9)
  5 scorpions
  8 wights
  13 killer bees
  5 electric eels
  5 howler monkeys
  3 jellies
  19 orc priests
  9 hounds
  6 iguanas
  30 orc wizards
  10 gnolls
  7 adders
  A shadow imp (D:8)
  A white imp (D:8)
  An ufetubus (Abyss:3)
  7 dart slugs
  A ribbon worm (D:4)
  85 orcs
  12 ball pythons
  7 endoplasms
  11 giant cockroaches
  4 goblins
  8 hobgoblins
  7 bats
  11 frilled lizards
  21 kobolds
  2 rats
  5 starspawn tentacles (Abyss:3)
1193 creatures vanquished.

Vanquished Creatures (collateral kills)
  An elephant (Lair:3)
1 creature vanquished.

Vanquished Creatures (others)
  A bunyip (Swamp:3)
  A deep elf pyromancer (Elf:1)
  A deep elf zephyrmancer (Elf:2)
  An orc wizard (D:6)
  11 foxfires
  9 starspawn tentacles (Abyss:3)
24 creatures vanquished.

Grand Total: 1218 creatures vanquished

Table legend:
 A = Non-vault XP
 B = Vault XP
 C = Vault XP percentage of total XP
 D = Non-vault monster count
 E = Vault monster count
 F = Vault count percentage of total count
                 A         B        C        D         E       F
            +---------+---------+-------+---------+---------+-------
      Total |  263047 |  203850 |  43.7 |     806 |     386 |  32.4
            +---------+---------+-------+---------+---------+-------
        D:1 |      11 |       6 |  35.3 |       7 |       4 |  36.4
        D:2 |     121 |       0 |   0.0 |      23 |       0 |   0.0
        D:3 |      22 |      21 |  48.8 |       9 |       5 |  35.7
        D:4 |     194 |     144 |  42.6 |      14 |      12 |  46.2
        D:5 |     397 |     678 |  63.1 |      19 |       8 |  29.6
        D:6 |     882 |     277 |  23.9 |      22 |       1 |   4.3
        D:7 |    1412 |       0 |   0.0 |      23 |       0 |   0.0
        D:8 |    1167 |      13 |   1.1 |      30 |       5 |  14.3
        D:9 |    1395 |    5755 |  80.5 |      29 |      15 |  34.1
       D:10 |    3683 |    1291 |  26.0 |      24 |       2 |   7.7
       D:11 |    2676 |    3842 |  58.9 |      12 |      12 |  50.0
       D:12 |    3894 |       0 |   0.0 |      13 |       0 |   0.0
       D:13 |    7130 |    3823 |  34.9 |      17 |       4 |  19.0
       D:14 |    5614 |    8580 |  60.4 |      19 |      14 |  42.4
       D:15 |   14968 |    5210 |  25.8 |      31 |       7 |  18.4
     Lair:1 |    4740 |     418 |   8.1 |      24 |       1 |   4.0
     Lair:2 |    5831 |       0 |   0.0 |      22 |       0 |   0.0
     Lair:3 |   13340 |    5546 |  29.4 |      37 |      15 |  28.8
     Lair:4 |   10028 |    1509 |  13.1 |      28 |       5 |  15.2
     Lair:5 |    4870 |    7728 |  61.3 |      18 |      17 |  48.6
    Swamp:1 |   13513 |       0 |   0.0 |      20 |       0 |   0.0
    Swamp:2 |   15949 |    1323 |   7.7 |      28 |       1 |   3.4
    Swamp:3 |    8355 |       0 |   0.0 |      21 |       0 |   0.0
    Swamp:4 |    8913 |   27620 |  75.6 |      17 |      31 |  64.6
    Snake:1 |   16357 |   11834 |  42.0 |      33 |      19 |  36.5
    Snake:2 |   20790 |     163 |   0.8 |      37 |       1 |   2.6
    Snake:3 |   18514 |    2863 |  13.4 |      26 |       2 |   7.1
    Snake:4 |   17645 |   22386 |  55.9 |      32 |      34 |  51.5
      Orc:1 |    2617 |     765 |  22.6 |      36 |       4 |  10.0
      Orc:2 |    3635 |   12649 |  77.7 |      36 |      38 |  51.4
      Elf:1 |    9118 |    9593 |  51.3 |      18 |      15 |  45.5
      Elf:2 |   18815 |   21074 |  52.8 |      31 |      27 |  46.6
      Elf:3 |   10106 |   45611 |  81.9 |      16 |      39 |  70.9
    Abyss:3 |   16345 |       0 |   0.0 |      34 |       0 |   0.0
      Sewer |       0 |     238 | 100.0 |       0 |      23 | 100.0
     Bailey |       0 |    2890 | 100.0 |       0 |      25 | 100.0
            +---------+---------+-------+---------+---------+-------

Skill      XL: |  1  2  3  4  5  6  7  8  9 10 11 12 13 14 15 16 17 18 19 20 |
---------------+-------------------------------------------------------------+-----
Fighting       | 3 4 5 6 8 10 12 14 15 16 | 16.5
Shields        | 3 4 5 |  5.0
Armour         | 3 4 5 6 |  6.4
Unarmed Combat | 3 4 5 7 9 10 11 12 13 14 15 17 18 | 18.2
Invocations    | 1 4 7 9 10 11 12 13 14 | 14.2
Spellcasting   | 3 4 6 9 10 12 | 12.7
Stealth        | 4 7 10 11 12 14 15 | 15.2
Dodging        | 2 5 6 7 8 9 |  9.5
Evocations     | 1 4 6 7 8 |  8.0
Conjurations   | 3 5 7 |  7.4
Earth Magic    | 3 5 7 |  7.4

Action                     |  1- 3 |  4- 6 |  7- 9 | 10-12 | 13-15 | 16-18 | 19-21 || total
---------------------------+-------+-------+-------+-------+-------+-------+-------++-------
  Melee: Unarmed           |    84 |    16 |   341 |   529 |   987 |  1332 |   724 ||  4013
         Bite              |    25 |    37 |   106 |   186 |   455 |   549 |   257 ||  1615
         Flail             |       |    62 |       |       |       |       |       ||    62
         Whip              |       |   112 |       |       |       |       |       ||   112
         Punch             |       |     1 |    15 |    45 |   138 |   151 |   100 ||   450
  Throw: Dart              |       |       |       |     3 |     1 |       |       ||     4
         Throwing net      |       |       |       |     1 |     2 |       |       ||     3
 Invoke: Heal Other        |       |       |       |     1 |       |     1 |       ||     2
         Heal Self         |       |       |       |     1 |     1 |    13 |     7 ||    22
         Divine Vigour     |       |       |       |       |     1 |     8 |     1 ||    10
         Purification      |       |       |       |       |       |     1 |       ||     1
Ability: Evoke Blink       |       |       |       |       |       |     2 |     3 ||     5
  Evoke: Wand              |       |       |     7 |    22 |     5 |    15 |     7 ||    56
         Sack of spiders   |       |       |       |       |     1 |     1 |     1 ||     3
    Use: Potion            |     1 |       |     1 |     5 |     1 |    10 |     4 ||    22
         Scroll            |       |    10 |    12 |    11 |     8 |    14 |     5 ||    60
   Stab: Invisible         |       |       |       |     4 |     3 |       |     1 ||     8
         Paralysed         |       |       |       |     4 |       |       |       ||     4
         Sleeping          |       |       |       |       |     4 |    12 |     5 ||    21
         Distracted        |       |       |       |       |     1 |     7 |     3 ||    11
         Fleeing           |       |       |       |       |       |     1 |       ||     1
 Armour: Scale mail        |    49 |   145 |   212 |   251 |       |       |       ||   657
         Skin              |       |       |       |     4 |       |       |       ||     4
         Chain mail        |       |       |       |    57 |   666 |   860 |   445 ||  2028
         Robe              |       |       |       |       |       |       |    38 ||    38
  Dodge: Dodged            |    45 |    78 |    95 |   143 |   300 |   570 |   237 ||  1468
         Repelled          |       |       |       |       |       |    48 |    10 ||    58
  Block: Buckler           |    13 |    55 |    83 |   322 |   450 |   700 |   301 ||  1924
         Reflection        |       |       |       |    28 |    50 |    68 |    24 ||   170

Illustrated notes

Table legend:
 A = Kills in this place as a percentage of kills in the entire game.
 B = Kills by you in this place as a percentage of kills by you in the entire game.
 C = Kills by friends in this place as a percentage of kills by friends in the entire game.
 D = Other kills in this place as a percentage of other kills in the entire game.
 E = Experience gained in this place as a percentage of experience gained in the entire game.
 F = Experience gained in this place divided by the number of levels of this place that you have seen.
                   A       B       C       D       E      F
               +-------+-------+-------+-------+-------+----------------------
         Total | 100.0 | 100.0 | 100.0 | 100.0 | 100.0 | 12969.4
       Dungeon |  32.0 |  32.0 |   0.0 |  33.3 |  15.7 | 4880.4
          Lair |  14.0 |  14.0 | 100.0 |   0.0 |  11.6 | 10802.0
         Swamp |   9.9 |   9.8 |   0.0 |  33.3 |  16.2 | 18918.2
     Snake Pit |  15.4 |  15.5 |   0.0 |   0.0 |  23.7 | 27638.0
  Orcish Mines |   9.6 |   9.6 |   0.0 |   0.0 |   4.2 | 9833.0
   Elven Halls |  12.2 |  12.2 |   0.0 |  33.3 |  24.5 | 38105.7
         Abyss |   2.9 |   2.9 |   0.0 |   0.0 |   3.5 | 16345.0
         Sewer |   1.9 |   1.9 |   0.0 |   0.0 |   0.1 | 238.0
        Bailey |   2.1 |   2.1 |   0.0 |   0.0 |   0.6 | 2890.0
               +-------+-------+-------+-------+-------+----------------------

Table legend: (Time is in decaauts)
 A = Elapsed time spent in this place.
 B = Non-inter-level travel time spent in this place.
 C = Inter-level travel time spent in this place.
 D = Time resting spent in this place.
 E = Time spent auto-exploring this place.
 F = Levels seen in this place.
 G = Mean time per level.
                   A        B        C        D        E       F      G
               +--------+--------+--------+--------+--------+-----+--------+
         Total |  47099 |  44980 |   2119 |  13637 |  19945 |  36 | 1308.3 |
       Dungeon |  17801 |  16585 |   1216 |   3823 |   9497 |  15 | 1186.7 |
          Lair |   6501 |   6162 |    339 |   1470 |   3180 |   5 | 1300.2 |
         Swamp |   4245 |   4116 |    129 |   1120 |   2006 |   4 | 1061.2 |
     Snake Pit |   8248 |   8062 |    186 |   3676 |   2454 |   4 | 2062.0 |
  Orcish Mines |   2267 |   2146 |    121 |    546 |    933 |   2 | 1133.5 |
   Elven Halls |   5802 |   5676 |    126 |   1927 |   1661 |   3 | 1934.0 |
         Abyss |    381 |    381 |      0 |     47 |    108 |   1 |  381.0 |
         Sewer |    461 |    461 |      0 |    104 |     16 |   1 |  461.0 |
        Bailey |   1390 |   1390 |      0 |    922 |     88 |   1 | 1390.0 |
               +--------+--------+--------+--------+--------+-----+--------+

Top non-repeatable levels by time:
   Elf:3: 2959 daAuts
 Snake:4: 2766 daAuts
  Lair:3: 2257 daAuts
     D:5: 2127 daAuts
    D:14: 2082 daAuts
     D:9: 2058 daAuts
 Snake:3: 2050 daAuts
 Snake:1: 1805 daAuts
 Snake:2: 1625 daAuts
   Orc:2: 1604 daAuts
    D:11: 1597 daAuts
 Swamp:4: 1541 daAuts
   Elf:2: 1518 daAuts
     D:6: 1394 daAuts
  Bailey: 1390 daAuts
